[ PARTIDA AOE2 · #495289959 ]
UnrankedMongoles vs Wei
Equipo del jugador · DERR
Equipo rival · VICT
[ ANÁLISIS DE REPETICIÓN · EXTRAÍDO DE LA PARTIDA GRABADA ]
Feudal
9:23
Castillos
26:42
Imperial
—
| APM promedio | 47.9 |
| APM pico | 85 |
| eAPM promedio | 27.0 |
| Aldeanos / militares | 98 / 117 |
Foco
⚔️ 40.6% · 🌾 59.4%
Camel Scout ×52 · Cavalry Archer ×27 · Archer ×10 · Spearman ×8 · Scout Cavalry ×8 · Militia ×6
Feudal
8:52
Castillos
22:31
Imperial
39:34
| APM promedio | 72.8 |
| APM pico | 122 |
| eAPM promedio | 28.1 |
| Aldeanos / militares | 140 / 34 |
Foco
⚔️ 40.9% · 🌾 59.1%
Unknown (1952) ×77 · Skirmisher ×14 · Scout Cavalry ×13 · Monk ×4 · Unknown (1944) ×4 · Unknown (1949) ×4
Mapa de la partida
Recursos iniciales + cada clic de construcción. Líneas = muros · curvas = relieve. ◆ oro · ⬟ piedra · ● bayas · ✦ reliquia · ◌ hueco del cierre
Tu base· ✓ Cerrada en 26:42 · 41t muro · 1 puerta(s)
Base de monkeyxmy· ✓ Cerrada en 22:31 · 2t muro · 1 puerta(s)
Terreno inicial suavizado · ◌ = hueco del cierre detectado · pasá el cursor para detalles
Inputs por minuto
— elbanovic - - monkeyxmy
Build order — elbanovic
Primeras 150 de 381 acciones detectadas
| 0:00 | Crear | Villager (Male) |
| 0:01 | Crear | Villager (Male) |
| 0:01 | Crear | Villager (Male) |
| 0:01 | Crear | Villager (Male) |
| 0:02 | Construir | House |
| 0:04 | Construir | House |
| 0:30 | Investigar | Loom |
| 0:30 | Crear | Villager (Male) |
| 0:32 | Crear | Villager (Male) |
| 0:38 | Crear | Villager (Male) |
| 1:35 | Crear | Villager (Male) |
| 1:57 | Crear | Villager (Male) |
| 2:47 | Crear | Villager (Male) |
| 2:54 | Construir | Lumber Camp |
| 3:01 | Crear | Villager (Male) |
| 3:06 | Crear | Villager (Male) |
| 3:15 | Crear | Villager (Male) |
| 3:20 | Crear | Villager (Male) |
| 3:48 | Crear | Villager (Male) |
| 3:54 | Crear | Villager (Male) |
| 4:06 | Crear | Villager (Male) |
| 4:22 | Construir | House |
| 4:36 | Crear | Villager (Male) |
| 5:03 | Crear | Villager (Male) |
| 5:16 | Crear | Villager (Male) |
| 5:24 | Crear | Villager (Male) |
| 5:55 | Crear | Villager (Male) |
| 6:06 | Construir | House |
| 6:21 | Construir | Barracks |
| 7:01 | Construir | Mining Camp |
| 7:13 | Investigar | Feudal Age |
| 7:14 | Investigar | Feudal Age |
| 7:25 | Crear | Militia |
| 7:26 | Construir | House |
| 7:40 | Crear | Militia |
| 8:14 | Crear | Militia |
| 8:47 | Crear | Militia |
| 9:01 | Crear | Villager (Male) |
| 9:14 | Construir | House |
| 9:23 | Edad | Edad Feudal |
| 9:26 | Investigar | Man-at-Arms (upgrade) |
| 9:30 | Construir | Archery Range |
| 9:39 | Crear | Villager (Male) |
| 9:47 | Construir | Palisade Wall |
| 9:49 | Construir | Palisade Wall |
| 9:57 | Crear | Militia |
| 10:01 | Crear | Villager (Male) |
| 10:06 | Construir | House |
| 10:07 | Construir | Palisade Wall |
| 10:24 | Construir | House |
| 10:26 | Crear | Skirmisher |
| 10:38 | Crear | Spearman |
| 10:41 | Crear | Villager (Male) |
| 10:49 | Construir | House |
| 10:53 | Construir | Mill |
| 10:58 | Crear | Villager (Male) |
| 11:00 | Crear | Skirmisher |
| 11:02 | Construir | House |
| 11:23 | Crear | Spearman |
| 11:41 | Crear | Skirmisher |
| 11:51 | Construir | House |
| 11:52 | Crear | Skirmisher |
| 11:53 | Crear | Villager (Male) |
| 11:54 | Crear | Villager (Male) |
| 12:11 | Crear | Villager (Male) |
| 12:19 | Construir | Farm |
| 12:34 | Crear | Spearman |
| 13:17 | Crear | Spearman |
| 13:22 | Construir | Mill |
| 13:23 | Construir | House |
| 13:45 | Crear | Villager (Male) |
| 13:45 | Crear | Villager (Male) |
| 13:48 | Construir | Farm |
| 13:50 | Construir | Farm |
| 14:20 | Crear | Villager (Male) |
| 14:40 | Crear | Villager (Male) |
| 14:45 | Construir | Farm |
| 14:47 | Construir | Farm |
| 14:49 | Construir | House |
| 14:50 | Construir | Farm |
| 15:01 | Crear | Villager (Male) |
| 15:13 | Crear | Villager (Male) |
| 15:18 | Crear | Spearman |
| 15:21 | Construir | Farm |
| 15:23 | Construir | Farm |
| 15:26 | Construir | Farm |
| 15:29 | Construir | Farm |
| 15:31 | Construir | Farm |
| 15:36 | Crear | Spearman |
| 15:39 | Crear | Villager (Male) |
| 15:50 | Construir | House |
| 15:56 | Construir | Palisade Wall |
| 15:57 | Construir | Palisade Wall |
| 15:58 | Construir | Palisade Wall |
| 16:01 | Construir | Palisade Wall |
| 16:03 | Construir | Palisade Wall |
| 16:05 | Crear | Spearman |
| 16:09 | Crear | Villager (Male) |
| 16:16 | Investigar | Horse Collar |
| 16:22 | Construir | Palisade Wall |
| 16:23 | Construir | Palisade Wall |
| 16:23 | Construir | Palisade Wall |
| 16:23 | Construir | Palisade Wall |
| 16:23 | Construir | Palisade Wall |
| 16:24 | Construir | Palisade Wall |
| 16:24 | Construir | Palisade Wall |
| 16:24 | Construir | Palisade Wall |
| 16:24 | Construir | Palisade Wall |
| 16:25 | Construir | Palisade Wall |
| 16:25 | Construir | Palisade Wall |
| 16:25 | Construir | Palisade Wall |
| 16:25 | Construir | Palisade Wall |
| 16:26 | Construir | Palisade Wall |
| 16:26 | Construir | Palisade Wall |
| 16:26 | Construir | Palisade Wall |
| 16:26 | Construir | Palisade Wall |
| 16:26 | Construir | Palisade Wall |
| 16:27 | Construir | Palisade Wall |
| 16:27 | Construir | Palisade Wall |
| 16:27 | Construir | Palisade Wall |
| 16:27 | Construir | Palisade Wall |
| 16:28 | Construir | Palisade Wall |
| 16:37 | Crear | Villager (Male) |
| 16:40 | Crear | Villager (Male) |
| 17:02 | Crear | Villager (Male) |
| 17:33 | Crear | Villager (Male) |
| 17:34 | Construir | Farm |
| 17:41 | Crear | Militia |
| 17:46 | Construir | Palisade Wall |
| 17:49 | Construir | Palisade Wall |
| 17:57 | Crear | Villager (Male) |
| 18:06 | Construir | Stable |
| 18:22 | Crear | Villager (Male) |
| 18:36 | Crear | Villager (Male) |
| 18:38 | Investigar | Double-Bit Axe |
| 19:03 | Crear | Scout Cavalry |
| 19:03 | Crear | Scout Cavalry |
| 19:03 | Crear | Villager (Male) |
| 19:05 | Construir | Blacksmith |
| 19:23 | Crear | Villager (Male) |
| 19:26 | Crear | Scout Cavalry |
| 19:48 | Construir | House |
| 19:54 | Investigar | Scale Barding Armor |
| 19:55 | Construir | House |
| 20:17 | Crear | Scout Cavalry |
| 20:19 | Crear | Villager (Male) |
| 20:23 | Construir | Mill |
| 20:32 | Construir | House |
| 20:37 | Crear | Archer |
| 20:38 | Crear | Archer |
Build order — monkeyxmy
Primeras 150 de 402 acciones detectadas
| 0:01 | Crear | Villager (Male) |
| 0:01 | Crear | Villager (Male) |
| 0:03 | Construir | House |
| 0:05 | Construir | House |
| 0:11 | Crear | Villager (Male) |
| 0:11 | Crear | Villager (Male) |
| 0:12 | Crear | Villager (Male) |
| 1:27 | Crear | Villager (Male) |
| 1:27 | Crear | Villager (Male) |
| 1:45 | Construir | Lumber Camp |
| 2:03 | Crear | Villager (Male) |
| 2:04 | Crear | Villager (Male) |
| 2:25 | Crear | Villager (Male) |
| 2:25 | Crear | Villager (Male) |
| 2:48 | Crear | Villager (Male) |
| 2:49 | Crear | Villager (Male) |
| 3:10 | Crear | Villager (Male) |
| 3:10 | Crear | Villager (Male) |
| 3:39 | Crear | Villager (Male) |
| 3:39 | Crear | Villager (Male) |
| 3:39 | Crear | Villager (Male) |
| 3:50 | Construir | House |
| 4:00 | Crear | Villager (Male) |
| 4:00 | Crear | Villager (Male) |
| 4:00 | Crear | Villager (Male) |
| 4:00 | Crear | Villager (Male) |
| 4:39 | Construir | Mill |
| 5:17 | Crear | Villager (Male) |
| 5:22 | Construir | Palisade Wall |
| 5:24 | Construir | Palisade Wall |
| 5:39 | Investigar | Loom |
| 6:17 | Crear | Villager (Male) |
| 6:34 | Investigar | Feudal Age |
| 7:10 | Crear | Villager (Male) |
| 7:41 | Construir | Barracks |
| 8:20 | Construir | House |
| 8:32 | Crear | Villager (Male) |
| 8:52 | Edad | Edad Feudal |
| 8:57 | Construir | Stable |
| 9:00 | Investigar | Double-Bit Axe |
| 9:11 | Investigar | Horse Collar |
| 9:34 | Crear | Villager (Male) |
| 9:41 | Construir | Farm |
| 9:43 | Construir | House |
| 9:49 | Crear | Scout Cavalry |
| 10:05 | Construir | Farm |
| 10:06 | Crear | Villager (Male) |
| 10:11 | Construir | House |
| 10:13 | Construir | Farm |
| 10:22 | Crear | Scout Cavalry |
| 10:23 | Crear | Villager (Male) |
| 10:35 | Crear | Villager (Male) |
| 10:45 | Construir | House |
| 10:51 | Construir | Farm |
| 11:18 | Crear | Scout Cavalry |
| 11:28 | Construir | Farm |
| 11:29 | Construir | Farm |
| 11:43 | Construir | Archery Range |
| 11:43 | Crear | Villager (Male) |
| 11:44 | Crear | Villager (Male) |
| 11:44 | Crear | Villager (Male) |
| 12:19 | Construir | Watch Tower |
| 12:29 | Crear | Scout Cavalry |
| 12:29 | Crear | Villager (Male) |
| 12:34 | Construir | Farm |
| 12:36 | Construir | Farm |
| 12:49 | Construir | Palisade Gate |
| 12:59 | Crear | Scout Cavalry |
| 12:59 | Crear | Villager (Male) |
| 13:11 | Crear | Skirmisher |
| 13:11 | Crear | Skirmisher |
| 13:24 | Crear | Villager (Male) |
| 13:28 | Construir | Farm |
| 13:29 | Crear | Skirmisher |
| 13:30 | Crear | Skirmisher |
| 13:46 | Crear | Villager (Male) |
| 13:49 | Construir | Farm |
| 13:50 | Construir | House |
| 14:09 | Crear | Skirmisher |
| 14:15 | Construir | Farm |
| 14:16 | Crear | Villager (Male) |
| 14:17 | Crear | Villager (Male) |
| 14:33 | Crear | Skirmisher |
| 14:36 | Construir | Farm |
| 14:40 | Construir | House |
| 14:43 | Crear | Villager (Male) |
| 14:58 | Construir | Blacksmith |
| 15:01 | Crear | Villager (Male) |
| 15:02 | Crear | Skirmisher |
| 15:10 | Construir | Farm |
| 15:16 | Crear | Villager (Male) |
| 15:24 | Construir | Farm |
| 15:30 | Crear | Villager (Male) |
| 15:32 | Crear | Skirmisher |
| 15:49 | Investigar | Fletching |
| 16:17 | Construir | House |
| 16:19 | Crear | Villager (Male) |
| 16:32 | Crear | Skirmisher |
| 16:32 | Crear | Villager (Male) |
| 16:39 | Construir | House |
| 16:40 | Construir | House |
| 16:51 | Crear | Skirmisher |
| 17:36 | Crear | Scout Cavalry |
| 17:46 | Crear | Skirmisher |
| 17:52 | Crear | Villager (Male) |
| 17:52 | Crear | Villager (Male) |
| 18:05 | Construir | Mining Camp |
| 18:09 | Construir | Lumber Camp |
| 18:12 | Construir | Farm |
| 18:13 | Construir | Farm |
| 18:16 | Crear | Villager (Male) |
| 18:37 | Crear | Villager (Male) |
| 18:44 | Construir | Market |
| 18:57 | Crear | Villager (Male) |
| 19:51 | Investigar | Castle Age |
| 20:23 | Investigar | Bloodlines |
| 20:29 | Construir | Mining Camp |
| 20:31 | Construir | Mining Camp |
| 20:43 | Crear | Spearman |
| 21:06 | Investigar | Gold Mining |
| 21:19 | Crear | Spearman |
| 21:22 | Investigar | Scale Mail Armor |
| 21:22 | Investigar | Scale Barding Armor |
| 21:57 | Crear | Spearman |
| 22:22 | Crear | Villager (Male) |
| 22:30 | Construir | Barracks |
| 22:31 | Edad | Edad de los Castillos |
| 22:41 | Construir | Town Center |
| 22:50 | Construir | Archery Range |
| 22:52 | Crear | Unit 1944 |
| 22:52 | Crear | Unit 1944 |
| 22:59 | Crear | Skirmisher |
| 22:59 | Crear | Skirmisher |
| 23:04 | Crear | Villager (Male) |
| 23:05 | Crear | Unit 1952 |
| 23:05 | Crear | Unit 1952 |
| 23:06 | Investigar | Bow Saw |
| 23:22 | Crear | Skirmisher |
| 23:24 | Crear | Unit 1952 |
| 23:48 | Crear | Villager (Male) |
| 23:59 | Crear | Unit 1944 |
| 23:59 | Crear | Unit 1944 |
| 24:02 | Construir | House |
| 24:02 | Construir | House |
| 24:03 | Crear | Villager (Male) |
| 24:12 | Crear | Villager (Male) |
| 24:46 | Crear | Unit 1952 |
| 24:47 | Crear | Unit 1952 |
| 24:47 | Crear | Unit 1952 |
| 24:50 | Crear | Villager (Male) |
Cronología de la partida
| 5:22 | monkeyxmy · wall_segment Palisade Wall x1 |
| 5:24 | monkeyxmy · wall_segment Palisade Wall x1 |
| 6:21 | elbanovic · first_building Barracks |
| 7:41 | monkeyxmy · first_building Barracks |
| 8:52 | monkeyxmy · age_up feudal |
| 8:57 | monkeyxmy · first_building Stable |
| 9:23 | elbanovic · age_up feudal |
| 9:30 | elbanovic · first_building Archery Range |
| 9:47 | elbanovic · wall_segment Palisade Wall x1 |
| 9:49 | elbanovic · wall_segment Palisade Wall x1 |
| 10:07 | elbanovic · wall_segment Palisade Wall x1 |
| 11:43 | monkeyxmy · first_building Archery Range |
| 15:56 | elbanovic · wall_segment Palisade Wall x1 |
| 15:57 | elbanovic · wall_segment Palisade Wall x1 |
| 15:58 | elbanovic · wall_segment Palisade Wall x1 |
| 16:01 | elbanovic · wall_segment Palisade Wall x1 |
| 16:03 | elbanovic · wall_segment Palisade Wall x1 |
| 16:22 | elbanovic · wall_segment Palisade Wall x1 |
| 16:23 | elbanovic · wall_segment Palisade Wall x1 |
| 16:23 | elbanovic · wall_segment Palisade Wall x1 |
| 16:23 | elbanovic · wall_segment Palisade Wall x1 |
| 16:23 | elbanovic · wall_segment Palisade Wall x2 |
| 16:24 | elbanovic · wall_segment Palisade Wall x1 |
| 16:24 | elbanovic · wall_segment Palisade Wall x1 |
| 16:24 | elbanovic · wall_segment Palisade Wall x1 |
| 16:24 | elbanovic · wall_segment Palisade Wall x1 |
| 16:25 | elbanovic · wall_segment Palisade Wall x2 |
| 16:25 | elbanovic · wall_segment Palisade Wall x1 |
| 16:25 | elbanovic · wall_segment Palisade Wall x3 |
| 16:25 | elbanovic · wall_segment Palisade Wall x2 |
| 16:26 | elbanovic · wall_segment Palisade Wall x2 |
| 16:26 | elbanovic · wall_segment Palisade Wall x2 |
| 16:26 | elbanovic · wall_segment Palisade Wall x2 |
| 16:26 | elbanovic · wall_segment Palisade Wall x2 |
| 16:26 | elbanovic · wall_segment Palisade Wall x1 |
| 16:27 | elbanovic · wall_segment Palisade Wall x1 |
| 16:27 | elbanovic · wall_segment Palisade Wall x2 |
| 16:27 | elbanovic · wall_segment Palisade Wall x3 |
| 16:27 | elbanovic · wall_segment Palisade Wall x1 |
| 16:28 | elbanovic · wall_segment Palisade Wall x1 |
| 17:46 | elbanovic · wall_segment Palisade Wall x1 |
| 17:49 | elbanovic · wall_segment Palisade Wall x1 |
| 18:06 | elbanovic · first_building Stable |
| 19:50 | monkeyxmy · first_market_sell 100 wood |
| 22:31 | monkeyxmy · age_up castle |
| 23:53 | elbanovic · first_market_sell 100 wood |
| 23:57 | elbanovic · first_market_buy 100 food |
| 25:27 | elbanovic · wall_segment Palisade Wall x8 |
| 25:59 | monkeyxmy · first_building Monastery |
| 26:36 | elbanovic · wall_segment Palisade Wall x1 |
| 26:37 | elbanovic · wall_segment Palisade Wall x1 |
| 26:37 | elbanovic · wall_segment Palisade Wall x1 |
| 26:39 | elbanovic · wall_segment Palisade Wall x1 |
| 26:40 | elbanovic · wall_segment Palisade Wall x1 |
| 26:42 | elbanovic · age_up castle |
| 27:51 | elbanovic · wall_segment Palisade Wall x1 |
| 32:02 | elbanovic · wall_segment Palisade Wall x1 |
| 34:52 | monkeyxmy · first_building Castle |
| 39:34 | monkeyxmy · age_up imperial |
| 40:14 | elbanovic · first_building Siege Workshop |
| 42:38 | elbanovic · resign |
[ ANÁLISIS IA · 1 CRÉDITO ]
¿Qué pasó realmente en esta partida?
Wolo.gg analiza cada decisión: build order, eco, micro, errores típicos por bracket. Análisis personalizado por WhatsApp o Discord en 30 segundos.
Guía civ
Mongoles
Perfil
Jugador #4401747